 Dungeon Crawl Stone Soup version 0.19.0-11-g3fc08b3 (console) character file.

119 Morrissey the Shield-Bearer (level 5, -1/42 HPs)
             Began as a Formicid Fighter on Nov 8, 2016.
             Slain by a gnoll
             ... wielding a +0 halberd
              (6 damage)
             ... on level 3 of the Dungeon.
             The game lasted 00:03:02 (1444 turns).

Morrissey the Shield-Bearer (Formicid Fighter)      Turns: 1444, Time: 00:03:02

Health: -1/42      AC:  7    Str: 21    XL:     5   Next: 24%
Magic:  5/5        EV: 13    Int:  8    God:
Gold:   92         SH: 10    Dex: 15    Spells: 0 memorised, 4 levels left

rFire  . . .     SeeInvis +     a - +0 war axe
rCold  . . .     Gourm    .     b - +0 scale mail
rNeg   . . .     Faith    .     c - +0 shield
rPois  .         Spirit   .     (helmet unavailable)
rElec  .         Reflect  .     (no cloak)
rCorr  .         Harm     .     (no gloves)
MR     .....                    (no boots)
Stlth  +.........               (no amulet)
                                (no ring)
                                (no ring)

@: agile, lethally poisoned (-1 -> -3)
A: permanent stasis, dig shafts and tunnels, four strong arms, antennae 3
a: Dig, Shaft Self


You were on level 3 of the Dungeon.
You were not hungry.

You visited 1 branch of the dungeon, and saw 3 of its levels.

You collected 92 gold pieces.

Inventory:

Hand Weapons
 a - a +0 war axe (weapon)
Armour
 b - a +0 scale mail (worn)
 c - a +0 shield (worn)
Scrolls
 e - a scroll of remove curse
 h - 4 scrolls of identify {unknown}
 k - a scroll of immolation {unknown}
 m - 2 scrolls of random uselessness {unknown}
 o - a scroll of fog {unknown}
 p - a scroll of amnesia {unknown}
Potions
 d - 3 potions of might
Comestibles
 f - a bread ration
 i - 2 meat rations
 l - a slice of pizza
 n - 5 chunks of flesh


   Skills:
 + Level 4.0 Fighting
 * Level 3.8 Axes
 + Level 3.9 Armour
 + Level 4.1 Shields


You had 4 spell levels left.
You didn't know any spells.

Dungeon Overview and Level Annotations

Branches:
Dungeon (3/15)

Altars:
Fedhas
Qazlal
Ru
Zin

Shops:
D:2 *


Innate Abilities, Weirdness & Mutations

You are under a permanent stasis effect.
You can dig through walls and to a lower floor.
Your four strong arms can wield two-handed weapons with a shield.
You have a pair of large antennae on your head. (SInv)


Message History

The gnoll hits you from afar with a halberd.
* * * LOW HITPOINT WARNING * * *
The gnoll hits you with a flail.
* * * LOW HITPOINT WARNING * * *
It was a potion of agility.
You feel agile all of a sudden. The gnoll closely misses you.
You barely miss the gnoll.
The gnoll is moderately wounded.
You feel sick. The gnoll misses you. You block the gnoll's attack.
The crimson imp shouts, "Get thee gone, thou surly rump-fed fustilarian!"
The gnoll hits you but does no damage.
You closely miss the gnoll.
The gnoll is moderately wounded.
You block the gnoll's attack. The gnoll barely misses you.
You hit the gnoll.
The gnoll is severely wounded.
You feel sick.
The gnoll hits you from afar with a halberd.
You die...

## ######## .. ......<# .#
.......######## ..
.......#......#######.#
.<.....'........@gg5#.#
....)..#......#####.#)#.####
############### #..)......
###.#.###. .# .# .# .# .#


You could see 2 gnolls and a crimson imp.

Vanquished Creatures
  2 gnolls (D:3)
  4 adders (D:2)
  2 oozes
  3 dart slugs (D:1)
  2 leopard geckos
  7 goblins
  4 hobgoblins
  7 jackals
  2 quokkas (D:2)
  5 bats
  5 kobolds (D:2)
  6 rats
49 creatures vanquished.

Notes
Turn   | Place    | Note
-------+----------+-------------------------------------------
     0 | D:1      | Morrissey the Formicid Fighter began the quest for the Orb.
     0 | D:1      | Reached XP level 1. HP: 18/18 MP: 1/1
    91 | D:1      | Reached XP level 2. HP: 21/24 MP: 2/2
   221 | D:1      | Reached XP level 3. HP: 29/29 MP: 3/3
   752 | D:2      | Found a blossoming altar of Fedhas.
   770 | D:2      | Found a stormy altar of Qazlal.
   818 | D:2      | Reached XP level 4. HP: 26/37 MP: 4/4
  1005 | D:2      | Found Zin's Purification Station.
  1024 | D:2      | Found a glowing silver altar of Zin.
  1229 | D:2      | Found a sacrificial altar of Ru.
  1229 | D:2      | Found a faded altar of an unknown god.
  1234 | D:2      | Found a faded altar of an unknown god.
  1236 | D:2      | Found a faded altar of an unknown god.
  1237 | D:2      | Found a faded altar of an unknown god.
  1413 | D:3      | Reached XP level 5. HP: 42/42 MP: 5/5
  1444 | D:3      | Slain by a gnoll

Skill      XL: |  1  2  3  4  5 |
---------------+----------------+-----
Axes           | 3 |  3.8
Shields        | 4 |  4.1
Fighting       | 4 |  4.0
Armour         | |  3.9

Action                   |  1- 3 |  4- 6 || total
-------------------------+-------+-------++-------
Melee: War axe           |    76 |    69 ||   145
  Use: Scroll            |     1 |       ||     1
       Potion            |       |     2 ||     2
  Eat: Chunk             |       |     2 ||     2
Armor: Scale mail        |    46 |    32 ||    78
Dodge: Dodged            |    31 |    38 ||    69
Block: Shield            |    41 |    49 ||    90
